 Dungeon Crawl Stone Soup version 0.28.0-1-gb440e238dd (webtiles) character file.

Game seed: 5857023133280142299

599 Ablot the Grasshopper (level 7, -3/56 HPs)
             Began as a Gnoll Warper on Feb 24, 2022.
             Slain by an orc wizard (4 damage)
             ... on level 5 of the Dungeon.
             The game lasted 00:08:28 (4478 turns).

Ablot the Grasshopper (Gnoll Warper)                Turns: 4478, Time: 00:08:29

Health: -3/56      AC:  4    Str: 12    XL:     7   Next: 41%
Magic:  15/15      EV: 13    Int: 12    God:
Gold:   117        SH:  0    Dex: 12    Spells: 15/17 levels left

rFire   . . .      SeeInvis .   a - +0 trident
rCold   . . .      Faith    .   (no shield)
rNeg    . . .      Spirit   .   b - +0 leather armour
rPois   .          Reflect  .   (no helmet)
rElec   .          Harm     .   (no cloak)
rCorr   .          Rampage  .   C - +0 pair of gloves
Will    .....                   (no boots)
Stlth   ++........              z - amulet of the acrobat
HPRegen 0.18/turn               (no ring)
MPRegen 0.14/turn               (no ring)

@: no status effects
A: fangs 1, strong nose, distributed training
a: no special abilities


You were on level 5 of the Dungeon.
You visited 1 branch of the dungeon, and saw 5 of its levels.

You collected 212 gold pieces.
You spent 95 gold pieces at shops.

Inventory:

Hand Weapons
 a - a +0 trident (weapon)
 A - a +0 hand crossbow
Missiles
 d - 4 boomerangs of dispersal (quivered)
 f - 35 arrows
 h - 112 stones
 l - 22 bolts
 u - 13 sling bullets
Armour
 b - a +0 leather armour (worn)
 C - a +0 pair of gloves (worn)
Jewellery
 z - an amulet of the acrobat (around neck)
Wands
 r - a wand of paralysis (6)
 D - a wand of iceblast (6)
Scrolls
 c - 2 scrolls of blinking
 g - 3 scrolls of enchant weapon {unknown}
 j - 5 scrolls of identify {unknown}
 m - a scroll of brand weapon {unknown}
 n - a scroll of enchant armour {unknown}
 q - a scroll of acquirement {unknown}
 s - a scroll of fog {unknown}
 t - 2 scrolls of immolation {unknown}
 y - a scroll of teleportation {unknown}
 B - a scroll of noise {unknown}
Potions
 i - 2 potions of curing {unknown}
 k - 3 potions of cancellation {unknown}
 o - 2 potions of brilliance {unknown}
 p - 2 potions of mutation {unknown}
 v - a potion of lignification {unknown}
 w - 3 potions of might {unknown}
 x - 3 potions of heal wounds {unknown}


   Skills:
 + Level 5.2 Fighting
 + Level 2.4 Short Blades
 + Level 2.4 Long Blades
 + Level 2.4 Axes
 + Level 2.4 Maces & Flails
 + Level 5.2 Polearms
 + Level 2.4 Staves
 + Level 2.4 Slings
 + Level 2.4 Bows
 + Level 2.4 Crossbows
 + Level 3.6 Throwing
 + Level 3.6 Armour
 + Level 5.2 Dodging
 + Level 2.4 Stealth
 + Level 2.4 Shields
 + Level 2.4 Unarmed Combat
 + Level 5.6 Spellcasting
 + Level 2.0 Conjurations
 + Level 2.0 Hexes
 + Level 2.0 Summonings
 + Level 2.0 Necromancy
 + Level 5.8 Translocations
 + Level 2.0 Transmutations
 + Level 2.0 Fire Magic
 + Level 2.0 Ice Magic
 + Level 2.0 Air Magic
 + Level 2.0 Earth Magic
 + Level 2.0 Poison Magic
 + Level 2.7 Invocations
 + Level 2.4 Evocations


You had 15 spell levels left.
You knew the following spells:

 Your Spells              Type           Power      Damage    Failure   Level
a - Blink                 Tloc           34%        N/A       3%          2

Your spell library contained the following spells:

 Spells                   Type           Power      Damage    Failure   Level
 Apportation              Tloc           34%        N/A       2%          1
 Gell's Gravitas          Tloc           17%        N/A       6%          3
 Lesser Beckoning         Tloc           17%        N/A       6%          3
 Teleport Other           Tloc           17%        N/A       6%          3
 Animate Skeleton         Necr           16%        N/A       11%         1
 Magic Dart               Conj           32%        1d4       11%         1
 Summon Small Mammal      Summ           32%        N/A       11%         1
 Searing Ray              Conj           16%        2d5       16%         2
 Manifold Assault         Tloc           17%        N/A       52%         5
 Fulminant Prism          Conj/Hex       4%         3d6       71%         4


Dungeon Overview and Level Annotations

Branches:
Dungeon (5/15)
 Temple: D:4-7

Altars:

Shops:
D:2 !?*[

Annotations:
D:4 exclusions: adder, lemure and 1 more exclusion, Edmund, Pikel
D:5 exclusion: black bear


Innate Abilities, Weirdness & Mutations

You have very sharp teeth.
Your uncanny sense of smell can sniff out nearby items.
Your experience applies equally to all skills.


Message History

Aim: an orc priest, wielding a +0 vampiric dagger and wearing a +0 leather armour (about 40% to evade your +0 trident)
Something you can't see is in the way.
You closely miss something. Something hits you.
* * * LOW HITPOINT WARNING * * *
Reach: a) +0 trident
Press: ? - help, Dir - move target, f/p - orc priest
Aim: an orc priest, wielding a +0 vampiric dagger and wearing a +0 leather armour (about 40% to evade your +0 trident)
You reach to attack!
You hit the orc priest.
The orc priest is lightly wounded.
Something hits you but does no damage.
Reach: a) +0 trident
Press: ? - help, Dir - move target, f/p - orc priest
Aim: an orc priest, wielding a +0 vampiric dagger and wearing a +0 leather armour (lightly wounded, about 40% to evade your +0 trident)
You reach to attack!
You barely miss the orc priest.
The orc priest is lightly wounded.
Something hits you.
* * * LOW HITPOINT WARNING * * *
Reach: a) +0 trident
Press: ? - help, Dir - move target, f/p - orc priest
Aim: an orc priest, wielding a +0 vampiric dagger and wearing a +0 leather armour (lightly wounded, about 40% to evade your +0 trident)
You reach to attack!
You closely miss the orc priest.
The orc priest is lightly wounded.
Something barely misses you.
Reach: a) +0 trident
Press: ? - help, Dir - move target, f/p - orc priest
Aim: an orc priest, wielding a +0 vampiric dagger and wearing a +0 leather armour (lightly wounded, about 40% to evade your +0 trident)
Something you can't see is in the way.
You hit something but do no damage. Something hits you but does no damage.
The orc priest invokes the aid of Beogh against you.
Beogh smites you!
* * * LOW HITPOINT WARNING * * *
Unknown command.
Reach: a) +0 trident
Press: ? - help, Dir - move target, f/p - orc priest
Aim: an orc priest, wielding a +0 vampiric dagger and wearing a +0 leather armour (lightly wounded, about 40% to evade your +0 trident)
You reach to attack!
You hit the orc priest but do no damage.
The orc priest is lightly wounded.
Something hits you.
You die...

.... .... ..# ...
.... #.## .. ..#.
#..####.###.. ##
#.....#.((((
#.###...#
#.....(#########
######o.....†))......
#...@)oo....#########
#...>#####...###
...## #...# # #####


You could see an orc priest and 2 orcs.

Vanquished Creatures
  An orc warrior (D:5)
  2 ogres
  A centaur skeleton (D:5)
  A jelly (D:4)
  Jessica (D:3)
  A scorpion zombie (D:5)
  Ijyb (D:5)
  Natasha (thrice) (D:4)
  A hound zombie (D:5)
  A gnoll (D:3)
  3 adders
  An adder skeleton (D:4)
  2 worms
  2 dart slugs (D:2)
  4 orcs
  5 endoplasms
  7 giant cockroaches
  4 goblins
  A hobgoblin (D:2)
  4 jackals
  2 kobolds
  4 quokkas
  5 ball pythons
  6 bats
  A frilled lizard (D:2)
  4 rats
68 creatures vanquished.

Notes
Turn   | Place    | Note
-------+----------+-------------------------------------------
     0 | D:1      | Ablot the Gnoll Warper began the quest for the Orb.
     0 | D:1      | Reached XP level 1. HP: 20/20 MP: 6/6
   154 | D:1      | Reached XP level 2. HP: 24/26 MP: 7/7
   157 | D:1      | Learned a level 2 spell: Blink
   404 | D:1      | Found a faded altar of an unknown god.
   708 | D:2      | Reached XP level 3. HP: 31/31 MP: 9/9
   812 | D:2      | Found Caazen's Armour Emporium.
   871 | D:2      | Found Utoha's Assorted Antiques.
   885 | D:2      | Reached skill level 5 in Spellcasting
   906 | D:2      | Bought a scroll labelled HARCHU ILIYW for 22 gold pieces
   906 | D:2      | Bought a bubbling blue potion for 19 gold pieces
   932 | D:2      | Found Jueget's Distillery.
   989 | D:2      | Bought a potion of degeneration for 10 gold pieces
  1107 | D:2      | Reached skill level 1 in Invocations
  1304 | D:2      | Found Xighoty's Magic Scroll Boutique.
  1313 | D:2      | Reached skill level 1 in Short Blades
  1313 | D:2      | Reached skill level 1 in Long Blades
  1313 | D:2      | Reached skill level 1 in Axes
  1313 | D:2      | Reached skill level 1 in Maces & Flails
  1313 | D:2      | Reached skill level 1 in Staves
  1313 | D:2      | Reached skill level 1 in Slings
  1313 | D:2      | Reached skill level 1 in Bows
  1313 | D:2      | Reached skill level 1 in Crossbows
  1313 | D:2      | Reached skill level 1 in Stealth
  1313 | D:2      | Reached skill level 1 in Shields
  1313 | D:2      | Reached skill level 1 in Unarmed Combat
  1313 | D:2      | Reached skill level 1 in Evocations
  1557 | D:2      | Bought 2 scrolls labelled KUZIEPOZXOFOL for 44 gold pieces
  1615 | D:3      | Reached XP level 4. HP: 38/38 MP: 11/11
  2489 | D:3      | Noticed Jessica
  2496 | D:3      | Killed Jessica
  2497 | D:3      | Reached skill level 1 in Conjurations
  2497 | D:3      | Reached skill level 1 in Hexes
  2497 | D:3      | Reached skill level 1 in Summonings
  2497 | D:3      | Reached skill level 1 in Necromancy
  2497 | D:3      | Reached skill level 1 in Transmutations
  2497 | D:3      | Reached skill level 1 in Fire Magic
  2497 | D:3      | Reached skill level 1 in Ice Magic
  2497 | D:3      | Reached skill level 1 in Air Magic
  2497 | D:3      | Reached skill level 1 in Earth Magic
  2497 | D:3      | Reached skill level 1 in Poison Magic
  2955 | D:4      | Noticed an ogre
  2959 | D:4      | Noticed Edmund
  2988 | D:3      | Killed an ogre
  2989 | D:3      | Reached XP level 5. HP: 43/43 MP: 12/12
  3259 | D:4      | Noticed Natasha
  3270 | D:4      | Killed Natasha
  3271 | D:4      | Reached XP level 6. HP: 26/50 MP: 13/13
  3325 | D:4      | Noticed Natasha
  3336 | D:4      | Killed Natasha
  3361 | D:4      | Noticed Natasha
  3404 | D:4      | Killed Natasha
  3405 | D:4      | Reached skill level 5 in Fighting
  3405 | D:4      | Reached skill level 5 in Polearms
  3405 | D:4      | Reached skill level 5 in Dodging
  3711 | D:4      | Noticed Pikel
  3866 | D:5      | Entered Level 5 of the Dungeon
  3886 | D:5      | Noticed a sky beast
  3886 | D:5      | Noticed a water moccasin
  3918 | D:5      | Noticed Ijyb
  3950 | D:5      | Killed Ijyb
  4080 | D:5      | Noticed a black bear
  4377 | D:5      | Reached XP level 7. HP: 49/56 MP: 15/15
  4477 | D:5      | HP: 1/56 [orc priest/divine providence (12)]
  4478 | D:5      | Slain by an orc wizard

Illustrated notes

Levels and vault maps discovered:
D:1:      ncdulo_wetmaze, layout_basic, shapermc_ecumenical_altar_pompeii
D:2:      layout_basic, serial_shops, nicolae_shop_trees, shop,
          nicolae_shop_advertising_works [nicolae_subvault_shop_adworks], shop
D:3:      layout_loops_corners, serial_glass, glass_columns_a, glass_columns_b,
          st_stairs_6, nicolae_underground_beach, uniq_jessica
D:4:      layout_cave_pools, uniq_natasha, uniq_pikel, uniq_edmund
D:5:      layout_rooms, uniq_ijyb

Skill      XL: |  1  2  3  4  5  6  7 |
---------------+----------------------+-----
Spellcasting   | 5 |  5.6
Invocations    | 1 2 |  2.7
Short Blades   | 1 2 |  2.4
Long Blades    | 1 2 |  2.4
Axes           | 1 2 |  2.4
Maces & Flails | 1 2 |  2.4
Staves         | 1 2 |  2.4
Slings         | 1 2 |  2.4
Bows           | 1 2 |  2.4
Crossbows      | 1 2 |  2.4
Stealth        | 1 2 |  2.4
Shields        | 1 2 |  2.4
Unarmed Combat | 1 2 |  2.4
Evocations     | 1 2 |  2.4
Conjurations   | 1 2 |  2.0
Hexes          | 1 2 |  2.0
Summonings     | 1 2 |  2.0
Necromancy     | 1 2 |  2.0
Transmutations | 1 2 |  2.0
Fire Magic     | 1 2 |  2.0
Ice Magic      | 1 2 |  2.0
Air Magic      | 1 2 |  2.0
Earth Magic    | 1 2 |  2.0
Poison Magic   | 1 2 |  2.0
Throwing       | 3 |  3.6
Armour         | 3 |  3.6
Fighting       | 5 |  5.2
Polearms       | 5 |  5.2
Dodging        | 5 |  5.2
Translocations | |  5.8

Action                   |  1- 3 |  4- 6 |  7- 9 || total
-------------------------+-------+-------+-------++-------
Melee: Spear             |   134 |   206 |       ||   340
       Bite              |    13 |    24 |     1 ||    38
       Punch             |     1 |     5 |     3 ||     9
       Trident           |       |     3 |    29 ||    32
Throw: Dart              |       |    11 |     7 ||    18
       Boomerang         |       |       |     1 ||     1
 Cast: Blink             |       |     1 |       ||     1
 Stab: Sleeping          |     2 |     2 |       ||     4
Armor: Leather armour    |    21 |    26 |     9 ||    56
Dodge: Dodged            |    54 |   115 |    20 ||   189
